 Dungeon Crawl Stone Soup version 0.30.1-4-g462c640d31 (webtiles) character file.

Game seed: 11719635455681013842

3110 kingsuperguy the Basher (level 9, -5/79 HPs)
             Began as a Hill Orc Fighter on Aug 29, 2023.
             Was an Elder of Zin.
             Slain by a sun demon (11 damage)
             ... summoned by a kobold demonologist
             ... in a bailey.
             The game lasted 00:28:18 (7560 turns).

kingsuperguy the Basher (Hill Orc Fighter)          Turns: 7560, Time: 00:28:21

Health: -5/79      AC: 22    Str: 23    XL:     9   Next: 91%
Magic:  9/9        EV:  7    Int:  8    God:    Zin [****..]
Gold:   74         SH:  0    Dex: 10    Spells: 8/8 levels left

rFire   . . .        A - +3 dire flail (protect)
rCold   . . .        (shield currently unavailable)
rNeg    . . .        n - +0 plate armour
rPois   +            (no helmet)
rElec   .            B - +0 cloak
rCorr   .            (no gloves)
SInv    +            h - +0 pair of boots
Will    .....        (no amulet) Stlth
                     q - ring of poison resistance
HPRegen 0.33/turn    v - ring of see invisible
MPRegen 0.11/turn

%: no passive effects
@: about to teleport, under a protective aura, hasted, very quick
A: no striking features
a: Renounce Religion, Recite, Vitalisation, Imprison, Donate Gold


You were in a bailey.
You worshipped Zin.
Zin was greatly pleased with you.
You visited 1 branch of the dungeon, and saw 7 of its levels.
You also visited: Bailey.

You collected 326 gold pieces.
You spent 182 gold pieces at shops.
You donated 70 gold pieces to Zin.

Inventory:

Hand Weapons
 a - a +0 war axe
 k - a +1 morningstar
 A - a +3 dire flail of protection (weapon)
Missiles
 f - 6 javelins (quivered)
Armour
 b - a +0 scale mail
 c - a +0 buckler
 e - +0 steam dragon scales
 h - a +0 pair of boots (worn)
 m - a +0 chain mail
 n - a +0 plate armour (worn)
 x - a +1 ring mail of fire resistance
 B - a +0 cloak (worn)
Jewellery
 q - a ring of poison resistance (left hand)
 v - a ring of see invisible (right hand)
Wands
 t - a wand of flame (12)
 z - a wand of paralysis (8)
Scrolls
 j - 2 scrolls of vulnerability
 u - 2 scrolls of enchant armour
 w - a scroll of fog {unknown}
 y - 2 scrolls of poison
Potions
 d - a potion of might
 g - a potion of resistance {unknown}
 i - 3 potions of lignification
 o - a potion of haste
 p - a potion of flight {unknown}
 r - a potion of magic {unknown}
 s - a potion of mutation {unknown}


   Skills:
 + Level 7.2 Fighting
 + Level 3.7(9.4) Axes
 * Level 11.3(11.5) Maces & Flails
 + Level 0.3 Throwing
 + Level 6.7 Armour
 + Level 1.5 Dodging
 + Level 0.3 Stealth
 + Level 4.3 Shields
 + Level 0.1 Evocations


You had 8 spell levels left.
You didn't know any spells.
Your spell library was empty.

Dungeon Overview and Level Annotations

Branches:
Dungeon (7/15)             Bailey (1/1)
 Temple: D:4-7

Altars:
Ashenzari
Gozag
Okawaru
Sif Muna
Uskayaw
Xom
Zin

Shops:
D:2 [   D:5 ?(   D:6 [

Annotations:
D:4 Pikel
D:5 Sigmund
D:6 1 runed translucent door, 1 transporter, Cheops's ghost, amateur DECj; Dowan; Duvessa
D:7 Joseph


Message History

The kobold demonologist looks satisfied for a moment.
The orc warrior shoots an arrow.
The arrow hits you but does no damage.
The kobold demonologist gestures wildly while chanting.
The orc warrior unwields a +0 shortbow.
The orc warrior wields the +11 quarterstaff of the End of Times {freeze, rN+++ Str-4 Int-4 Dex+4}.
It glows with a cold blue light!
The orc warrior hits you with the +11 quarterstaff of the End of Times {freeze, rN+++ Str-4 Int-4 Dex+4}!
The orc warrior freezes you.
There is an open door, spattered with blood here.
Items here: ))) [[[.
You sock the kobold demonologist!
The kobold demonologist is moderately wounded.
The shadow imp barely misses you.
The kobold demonologist hits you but does no damage.
You closely miss the kobold demonologist.
The kobold demonologist is moderately wounded.
The sun demon hits you!
You are engulfed in flames!
The shadow imp hits you but does no damage.
The orc warrior hits you with the +11 quarterstaff of the End of Times {freeze, rN+++ Str-4 Int-4 Dex+4}.
The orc warrior freezes you.
As you read the scroll of teleportation, it crumbles to dust.
You feel strangely unstable. The sun demon hits you!
* * * LOW HITPOINT WARNING * * *
You are engulfed in flames!
* * * LOW HITPOINT WARNING * * *
The kobold demonologist hits you but does no damage.
The shadow imp hits you but does no damage.
The orc warrior hits you with the +11 quarterstaff of the End of Times {freeze, rN+++ Str-4 Int-4 Dex+4}!
Zin protects you from harm! The orc warrior freezes you.
* * * LOW HITPOINT WARNING * * *
The sun demon hits you but does no damage.
Okay, then.
You feel yourself speed up.
The kobold demonologist barely misses you.
The orc warrior hits you but does no damage.
The shadow imp barely misses you. The sun demon hits you.
* * * LOW HITPOINT WARNING * * *
You are engulfed in flames!
You die...

..⌠..# .._.'.Ko.g...∩~≈≈≈≈≈#
.....# ....#..8.8..#o~≈≈≈≈≈#
.....# . #########g~≈≈≈≈≈#
')##### #..#g~≈≈≈≈≈# .)))..#
#!?#.~≈≈≈≈≈# ...)).#
+!!#.~≈≈≈≈≈#
###.).##############.#≈≈≈≈≈#
#.8.8.8.'.....#K...#≈≈≈≈≈#
#.......#....3@o)..#≈≈≈≈≈#
###############5.#+#≈≈≈≈≈#
..'..# ≈≈≈≈# ~~~~#### ≈≈≈#
≈≈≈≈≈ ≈≈≈≈ ≈≈≈≈ ≈≈≈


You could see a sun demon (summoned), a kobold demonologist, an orc warrior and
a shadow imp (summoned).

Vanquished Creatures
  An orc knight (Bailey)
  A kobold demonologist (Bailey)
  A steam dragon (D:7)
  A water moccasin (D:5)
  2 ice beasts
  7 orc warriors
  A black bear (D:5)
  3 ogres
  3 lemures
  A centaur (D:6)
  A phantom (D:7)
  A bullfrog (D:7)
  3 scorpions
  2 electric eels
  A jelly (D:5)
  A hound (D:5)
  A gnoll bouda (D:5)
  2 orc priests (D:5)
  Terence (D:3)
  3 iguanas (D:5)
  3 orc wizards
  2 gnolls (D:5)
  9 adders
  3 white imps
  5 worms
  A dart slug (D:3)
  17 orcs
  5 bats
  5 endoplasms
  4 giant cockroaches (D:2)
  7 goblins
  12 hobgoblins
  2 jackals (D:3)
  4 quokkas
  2 ball pythons
  8 frilled lizards
  4 kobolds
  5 rats
135 creatures vanquished.

Notes
Turn   | Place    | Note
-------+----------+-------------------------------------------
     0 | D:1      | kingsuperguy the Hill Orc Fighter began the quest for the
                  | Orb.
     0 | D:1      | Reached XP level 1. HP: 19/19 MP: 1/1
   283 | D:1      | Reached XP level 2. HP: 24/27 MP: 2/2
   686 | D:2      | Found Qaapper's Armour Emporium.
   763 | D:2      | Reached XP level 3. HP: 33/33 MP: 3/3
  1073 | D:2      | Reached XP level 4. HP: 41/41 MP: 4/4
  1436 | D:3      | Found a faded altar of an unknown god.
  1492 | D:3      | Prayed at the altar of an unknown god.
  1492 | D:3      | Became a worshipper of Zin the Law-Giver
  1492 | D:3      | Reached * piety under Zin
  1493 | D:3      | Donated 38 gold pieces to Zin
  1589 | D:3      | Reached ** piety under Zin
  1600 | D:3      | Reached skill level 1 in Maces & Flails
  1670 | D:3      | Found a shimmering blue altar of Sif Muna.
  1878 | D:3      | Found a hide-covered altar of Uskayaw.
  2093 | D:3      | Noticed Terence
  2103 | D:3      | Killed Terence
  2104 | D:3      | Reached skill level 2 in Maces & Flails
  2104 | D:3      | Reached XP level 5. HP: 22/47 MP: 5/5
  2668 | D:4      | Noticed Pikel
  2668 | D:4      | Noticed a lemure
  2668 | D:4      | Noticed a lemure
  2838 | D:4      | Reached skill level 3 in Maces & Flails
  3075 | D:5      | Entered Level 5 of the Dungeon
  3099 | D:5      | Reached skill level 5 in Fighting
  3099 | D:5      | Reached XP level 6. HP: 30/56 MP: 6/6
  3342 | D:5      | Noticed a water moccasin
  3359 | D:5      | Killed a water moccasin
  3360 | D:5      | Reached skill level 4 in Maces & Flails
  3587 | D:5      | Noticed Sigmund
  4260 | D:5      | Noticed an ice beast
  4272 | D:5      | Killed an ice beast
  4273 | D:5      | Reached skill level 5 in Maces & Flails
  4273 | D:5      | Reached XP level 7. HP: 35/61 MP: 7/7
  4526 | D:5      | Found Pygusea's Magic Scroll Shop.
  4532 | D:5      | Reached skill level 1 in Dodging
  5116 | D:5      | Reached skill level 5 in Armour
  5201 | D:5      | Reached skill level 6 in Maces & Flails
  5287 | D:5      | Reached XP level 8. HP: 60/69 MP: 8/8
  5289 | D:5      | Reached *** piety under Zin
  5498 | D:5      | Found Sykuwa's Antique Weapon Shop.
  5516 | D:5      | Bought a runed dire flail for 182 gold pieces
  5539 | D:5      | Reached skill level 7 in Maces & Flails
  5927 | D:6      | Found a runed translucent door.
  5927 | D:6      | Noticed Cheops's ghost (amateur DECj)
  5977 | D:6      | Found a transporter.
  5977 | D:6      | Found Tyoqe Ysosuph's Armour Shop.
  6083 | D:6      | Reached **** piety under Zin
  6086 | D:6      | Noticed Duvessa
  6118 | D:6      | Noticed Dowan
  6133 | D:7      | Reached skill level 8 in Maces & Flails
  6207 | D:7      | Found a broken altar of Ashenzari.
  6274 | D:7      | Noticed Joseph
  6384 | D:7      | Found an opulent altar of Gozag.
  6455 | D:7      | Reached skill level 9 in Maces & Flails
  6455 | D:7      | Reached XP level 9. HP: 32/77 MP: 9/9
  6666 | D:7      | Found a shimmering altar of Xom.
  6683 | D:7      | Found an iron altar of Okawaru.
  6864 | D:7      | Found a flagged portal.
  6873 | Bailey   | Entered a bailey
  7019 | Bailey   | Noticed an orc knight
  7030 | Bailey   | Killed an orc knight
  7031 | Bailey   | Reached skill level 10 in Maces & Flails
  7405 | Bailey   | Noticed a kobold demonologist
  7438 | Bailey   | Noticed an orange demon
  7440 | Bailey   | Killed a kobold demonologist
  7441 | Bailey   | Reached skill level 11 in Maces & Flails
  7522 | Bailey   | Found an iron altar of Okawaru.
  7523 | Bailey   | Identified the +11 quarterstaff of the End of Times
                  | {freeze, rN+++ Str-4 Int-4 Dex+4}
  7523 | Bailey   | Noticed a kobold demonologist
  7557 | Bailey   | Noticed a sun demon
  7559 | Bailey   | Zin protects you from harm!
  7560 | Bailey   | Slain by a sun demon

Illustrated notes

Levels and vault maps discovered:
D:1:      zelgadis_glass_arrival_small, layout_loops_ring
D:2:      layout_loops_ring, serial_shops, shop
D:3:      layout_loops_ring, nicolae_uskayaw_murder_on_the_dancefloor,
          led_sif_book, ebering_ecumenical_altar_webs, uniq_terence
D:4:      layout_basic, minmay_temple_entry_statues_fountains,
          ebering_ghost_reflecting_pool, uniq_pikel
D:5:      layout_loops_ring, kennysheep_mini, serial_shops,
          nicolae_shop_statue_plus, nicolae_shop_hallway_plus,
          biasface_ghost_orc_armoury, minivault_27, uniq_sigmund
D:6:      layout_loops_ring, serial_shops, nicolae_shop_drivethru,
          gammafunk_ghost_grave, dk_noncrumbling_2, dreamdust_wishing_well,
          uniq_duvessa
D:7:      layout_basic, grunt_gozag_statues, overflow_temple_1_default,
          nicolae_overflow_squiral, enter_bailey_2, uniq_crazy_yiuf_cottage,
          uniq_joseph
Bailey:   bailey_axe_of_yendor_kennysheep, bailey

Skill      XL: |  1  2  3  4  5  6  7  8  9 |
---------------+----------------------------+-----
Axes           | 3 |  3.7
Fighting       | 4 5 6 7 |  7.2
Maces & Flails | 2 3 5 6 9 11 | 11.3
Armour         | 4 5 6 |  6.7
Shields        | 4 |  4.3
Dodging        | 1 |  1.5
Throwing       | |  0.3
Stealth        | |  0.3
Evocations     | |  0.1

Action                     |  1- 3 |  4- 6 |  7- 9 || total
---------------------------+-------+-------+-------++-------
  Melee: War axe           |    48 |       |       ||    48
         Morningstar       |    24 |   213 |   119 ||   356
         Dire flail        |       |       |   169 ||   169
  Throw: Javelin           |       |       |     2 ||     2
 Invoke: Donate Gold       |       |     1 |       ||     1
  Evoke: Wand              |       |     2 |       ||     2
    Use: Scroll            |       |     7 |     3 ||    10
         Potion            |       |       |     5 ||     5
 Armour: Scale mail        |    24 |       |       ||    24
         Chain mail        |     6 |   139 |   134 ||   279
         Plate armour      |       |       |    81 ||    81
  Dodge: Dodged            |    26 |    94 |   114 ||   234
  Block: Buckler           |    14 |    51 |    29 ||    94
